 Dungeon Crawl Stone Soup version 0.22.1-1-ga44c0e5 (webtiles) character file.

4297 DiademB the Basher (level 10, 0/86 HPs)
             Began as a Hill Orc Fighter on Nov 11, 2018.
             Was a Priest of Okawaru.
             Slain by a yak (8 damage)
             ... on level 9 of the Dungeon.
             The game lasted 01:05:33 (7354 turns).

DiademB the Basher (Hill Orc Fighter)               Turns: 7354, Time: 01:05:34

Health: 0/86       AC: 11    Str: 23    XL:     10   Next: 32%
Magic:  10/10      EV: 11    Int:  8    God:    Okawaru [***...]
Gold:   210        SH:  0    Dex: 10    Spells: 9/9 levels left

rFire    . . .     SeeInvis .   a - +7 mace of Variability {chain chaos}
rCold    + . .     Gourm    .   (shield currently unavailable)
rNeg     . . .     Faith    .   x - +2 ring mail {rF+}
rPois    .         Spirit   .   (no helmet)
rElec    .         Reflect  .   n - +0 cloak
rCorr    .         Harm     .   j - +0 pair of gloves
MR       .....                  (no boots)
Stlth    +.........             (no amulet)
HPRegen  0.24/turn              M - ring of flight
MPRegen  0.12/turn              P - ring of ice

@: no status effects
A: no striking features
a: Heroism, Renounce Religion, Evoke Flight


You were on level 9 of the Dungeon.
You worshipped Okawaru.
Okawaru was most pleased with you.
You were not hungry.

You visited 2 branches of the dungeon, and saw 9 of its levels.

You collected 210 gold pieces.

Inventory:

Hand Weapons
 a - the +7 mace of Variability (weapon) {chain chaos}
   (You found it on level 6 of the Dungeon)

   Each time it hits an enemy it has a different, random effect.
 b - a +0 hunting sling
 i - a +0 war axe
 p - a +0 dagger
 s - a +2 trident of flaming
 t - a +0 hunting sling
 y - a +0 club
 z - a +0 dagger
 B - a +0 hunting sling
 C - a +0 club
 G - a +0 falchion
 I - a +0 club
 K - a +0 hunting sling
Missiles
 k - 33 sling bullets
 o - 78 bolts
 q - 245 stones (quivered)
 D - 4 tomahawks
Armour
 c - a +0 shield
 j - a +0 pair of gloves (worn)
 l - a +0 leather armour
 n - a +0 cloak (worn)
 u - a +1 chain mail
 v - a +0 ring mail
 x - a +2 ring mail of fire resistance (worn)
 A - a +0 scale mail
 H - a +0 scale mail
 N - a +0 pair of gloves
 Q - a +0 ring mail
Jewellery
 F - a cursed -2 ring of protection
 M - a ring of flight (left hand)
 P - a ring of ice (right hand)
Wands
 U - a wand of flame (25)
Scrolls
 e - 2 scrolls of identify
 h - 2 scrolls of magic mapping
 r - a scroll of torment {unknown}
 E - a scroll of immolation
 L - a scroll of fog {unknown}
 O - a scroll of noise {unknown}
 R - a scroll of blinking {unknown}
 S - a scroll of acquirement {unknown}
 T - a scroll of enchant armour
Potions
 d - 2 potions of might
 g - a potion of degeneration {unknown}
 m - 2 potions of brilliance {unknown}
 w - a potion of heal wounds {unknown}
 J - 2 potions of mutation {unknown}
Comestibles
 f - 15 rations


   Skills:
 + Level 7.4 Fighting
 + Level 7.7(10.2) Axes
 + Level 8.8(9.7) Maces & Flails
 + Level 4.0 Slings
 + Level 6.9 Armour
 + Level 2.4 Dodging
 + Level 1.5 Stealth
 + Level 6.0 Shields
 + Level 0.7 Evocations


You had 9 spell levels left.
You didn't know any spells.
Your spell library was empty.

Dungeon Overview and Level Annotations

Branches:
Dungeon (9/15)             Temple (1/1) D:4
   Lair: D:8-11         Orc: D:9-12

Altars:
Ashenzari
Dithmenos
Elyvilon
Fedhas
Gozag
Hepliaklqana
Kikubaaqudgha
Makhleb
Nemelex Xobeh
Okawaru
Qazlal
Ru
Sif Muna
Trog
Uskayaw
Vehumet
Wu Jian
Xom
Yredelemnul
Zin
The Shining One

Shops:
D:6 [[}=?


Message History

The yak closely misses you.
You hit the yak.
The yak is lightly wounded.
The yak gores you! The yak gores you. The yak barely misses you.
The yak gores you but does no damage.
You thump the yak!
The yak is moderately wounded.
The yak gores you! The yak gores you!!
* * * LOW HITPOINT WARNING * * *
The yak closely misses you.
You bludgeon the yak!! You freeze the yak.
The yak is severely wounded.
The yak barely misses you. The yak gores you but does no damage.
The yak gores you.
* * * LOW HITPOINT WARNING * * *
The yak closely misses you. x2; The yak gores you.
* * * LOW HITPOINT WARNING * * *
You see here a yak corpse.
The yak gores you!
You die...

.............
............
...........
#.........
..Y....# .§...#
#{YY# #.YY# #
##@.#
..#####.†.##
...........##
####........####
###...#.....###
#..#####....##
#..# ####..#
#..# #..# ##.#
##.#


You could see 4 yaks.

Vanquished Creatures
  2 two-headed ogres (D:8)
  2 yaks (D:9)
  4 hogs (D:7)
  A human (D:7)
  A water moccasin (D:7)
  Duvessa (D:7)
  An ice beast (D:6)
  A sky beast (D:7)
  2 phantoms
  A crocodile (D:7)
  5 bullfrogs
  Dowan (D:7)
  A scorpion (D:8)
  4 crimson imps (D:6)
  2 hounds
  A jelly (D:6)
  2 orc priests
  A bullfrog skeleton (D:4)
  Natasha (thrice) (D:2)
  Terence (D:3)
  2 iguanas
  3 orc wizards
  4 worker ants
  A worker ant zombie (D:7)
  Robin (D:2)
  6 adders
  An ooze (D:3)
  A worm (D:3)
  A dart slug (D:2)
  5 leopard geckos
  10 orcs
  3 giant cockroaches
  15 goblins
  6 hobgoblins
  20 jackals
  6 kobolds
  5 quokkas
  A ball python (D:2)
  8 bats
  7 frilled lizards
  5 rats
  3 bushes (D:1)
  3 fungi (D:7)
  5 plants (D:1)
159 creatures vanquished.

Vanquished Creatures (others)
  A yak (D:9)
  A necrophage (D:7)
2 creatures vanquished.

Grand Total: 161 creatures vanquished

Notes
Turn   | Place    | Note
-------+----------+-------------------------------------------
     0 | D:1      | DiademB the Hill Orc Fighter began the quest for the Orb.
     0 | D:1      | Reached XP level 1. HP: 19/19 MP: 1/1
   366 | D:1      | Reached XP level 2. HP: 21/27 MP: 2/2
   982 | D:1      | Reached XP level 3. HP: 33/33 MP: 3/3
  1647 | D:2      | Noticed Natasha
  1659 | D:2      | Killed Natasha
  1659 | D:2      | Reached XP level 4. HP: 40/40 MP: 4/4
  1798 | D:2      | Noticed Robin
  1813 | D:2      | Killed Robin
  1864 | D:2      | Noticed Natasha
  1865 | D:2      | Found a shadowy altar of Dithmenos.
  1876 | D:2      | Killed Natasha
  1876 | D:2      | Reached XP level 5. HP: 19/46 MP: 5/5
  1991 | D:2      | Noticed Natasha
  2011 | D:2      | Killed Natasha
  2011 | D:2      | Reached skill level 5 in Axes
  2183 | D:2      | Found a hide-covered altar of Uskayaw.
  2567 | D:3      | Noticed Terence
  2575 | D:3      | Killed Terence
  2684 | D:3      | Reached XP level 6. HP: 45/52 MP: 6/6
  3477 | D:4      | Found a shimmering altar of Xom.
  3511 | D:4      | Noticed a phantom
  3570 | D:4      | Killed a phantom
  3570 | D:4      | Reached skill level 1 in Slings
  3672 | D:4      | Reached skill level 5 in Shields
  3686 | D:4      | Reached XP level 7. HP: 45/60 MP: 7/7
  3829 | D:4      | Found a staircase to the Ecumenical Temple.
  3856 | Temple   | Entered the Ecumenical Temple
  4339 | D:4      | You fall through a shaft for 2 floors!
  4339 | D:6      | Found Uvikk's Gadget Boutique.
  4388 | D:6      | Found Xeaceph's Magic Scroll Boutique.
  4442 | D:6      | Reached skill level 1 in Dodging
  4547 | D:6      | Found the +7 mace of Variability {chain chaos}
  4746 | D:6      | Found Kufesule's Jewellery Emporium.
  4763 | D:6      | Found an iron altar of Okawaru.
  4802 | D:6      | Reached XP level 8. HP: 66/67 MP: 8/8
  4826 | D:6      | Became a worshipper of Warmaster Okawaru
  4908 | D:6      | Found Idicvif's Armour Shoppe.
  4909 | D:6      | Found Namybbeg's Antique Armour Shop.
  5060 | D:6      | Reached skill level 1 in Maces & Flails
  5060 | D:6      | Reached skill level 5 in Armour
  5337 | D:7      | Reached skill level 5 in Fighting
  5343 | D:7      | Noticed Dowan
  5348 | D:7      | Noticed Duvessa
  5349 | D:7      | Killed Dowan
  5349 | D:7      | Reached skill level 2 in Maces & Flails
  5361 | D:7      | Killed Duvessa
  5361 | D:7      | Reached skill level 3 in Maces & Flails
  5698 | D:7      | Reached * piety under Okawaru
  5845 | D:7      | Reached skill level 4 in Maces & Flails
  5853 | D:7      | Reached skill level 5 in Maces & Flails
  5853 | D:7      | Reached XP level 9. HP: 18/75 MP: 9/9
  5853 | D:7      | Reached ** piety under Okawaru
  6305 | D:7      | Found a deep blue altar of Sif Muna.
  6350 | D:7      | Reached skill level 6 in Maces & Flails
  6814 | D:8      | Noticed a two-headed ogre
  6826 | D:8      | Killed a two-headed ogre
  6826 | D:8      | Reached skill level 7 in Maces & Flails
  6871 | D:8      | Noticed a two-headed ogre
  6980 | D:8      | Killed a two-headed ogre
  6980 | D:8      | Reached *** piety under Okawaru
  6980 | D:8      | Reached skill level 8 in Maces & Flails
  6980 | D:8      | Reached skill level 1 in Stealth
  6980 | D:8      | Reached XP level 10. HP: 30/86 MP: 10/10
  7354 | D:9      | Slain by a yak

Skill      XL: |  1  2  3  4  5  6  7  8  9 10 |
---------------+-------------------------------+-----
Axes           | 3 4 5 6 7 |  7.7
Fighting       | 4 5 7 |  7.4
Shields        | 4 5 6 |  6.0
Armour         | 4 5 6 |  6.9
Slings         | 1 2 3 4 |  4.0
Dodging        | 1 2 |  2.4
Maces & Flails | 5 8 |  8.8
Stealth        | 1 |  1.5
Evocations     | |  0.7

Action                   |  1- 3 |  4- 6 |  7- 9 | 10-12 || total
-------------------------+-------+-------+-------+-------++-------
Melee: War axe           |   341 |   236 |    58 |       ||   635
       Great mace        |       |       |    93 |    12 ||   105
 Fire: Hunting sling     |     3 |    28 |    23 |       ||    54
Throw: Stone             |       |     3 |     2 |       ||     5
 Abil: Evoke Flight      |       |       |     1 |       ||     1
  Use: Scroll            |       |     7 |     4 |       ||    11
       Potion            |       |       |     3 |       ||     3
 Stab: Petrifying        |       |       |     1 |       ||     1
       Paralysed         |       |       |     1 |       ||     1
  Eat: Chunk             |     2 |     3 |     1 |       ||     6
       Ration            |       |     3 |     2 |       ||     5
Armor: Scale mail        |    87 |    48 |       |       ||   135
       Chain mail        |       |    90 |    62 |       ||   152
       Ring mail         |       |       |    21 |    10 ||    31
Dodge: Dodged            |    53 |    75 |    68 |    10 ||   206
Block: Shield            |   103 |   149 |    28 |       ||   280
